 Dungeon Crawl Stone Soup version 0.31.0-11-ge490571c62 (webtiles) character file.

Game seed: 3833271665201413360

74 solopath the Ruffian (level 4, 33/33 HPs)
             Began as a Demonspawn Shapeshifter on Feb 3, 2024.
             Quit the game on level 2 of the Dungeon.
             The game lasted 00:01:14 (1341 turns).

solopath the Ruffian (Demonspawn Shapeshifter)      Turns: 1341, Time: 00:01:15

Health: 33/33      AC:  3    Str: 23    XL:     4   Next: 9%
Magic:  4/4        EV: 12    Int: 10    God:
Gold:   70         SH:  0    Dex: 12    Spells: 3/3 levels left

rFire   . .          .
                       - Unarmed
rCold   . . .        (no shield)
rNeg    . . .        a - +0 animal skin
rPois   .            (helmet currently unavailable)
rElec   .            (cloak currently unavailable)
rCorr   .            (gloves currently unavailable)
SInv    .            (boots currently unavailable)
Will    .....        (no amulet)
Stlth   +            j - +6 ring of strength
HPRegen 0.25/turn    (no ring)
MPRegen 0.09/turn

%: no passive effects
@: beast-form
A: beast (slay +1), rugged brown scales 1, ignite blood 1
a: Begin Untransformation


You were on level 2 of the Dungeon.
You were a hulking beast.
You visited 1 branch of the dungeon, and saw 2 of its levels.

You collected 70 gold pieces.

Inventory:

Armour
 a - a +0 animal skin (worn)
Jewellery
 j - a +6 ring of strength (left hand)
Talismans
 c - a beast talisman
 d - a flux talisman
Scrolls
 h - 3 scrolls of vulnerability {unknown}
 i - 2 scrolls of identify {unknown}
Potions
 b - a potion of lignification
 e - a potion of might {unknown}
 f - a potion of attraction {unknown}
 g - a potion of heal wounds {unknown}


   Skills:
 + Level 2.1 Fighting
 - Level 1.7 Dodging
 * Level 3.7 Unarmed Combat
 + Level 3.1 Shapeshifting


You had 3 spell levels left.
You didn't know any spells.
Your spell library was empty.

Dungeon Overview and Level Annotations

Branches:
Dungeon (2/15)

Altars:

Shops:
D:1 ?


Innate Abilities, Weirdness & Mutations

You are a hulking beast.
Your limbs bulge with bestial killing power. (Slay +1)
You are partially covered in rugged brown scales. (AC +1, +3% HP)
Your demonic aura sometimes causes spilled blood to erupt in flames.


Message History

You completely miss the adder. The adder barely misses you.
You hit the adder.
The adder is moderately wounded.
The adder closely misses you. The adder bites you.
You closely miss the adder.
The adder is moderately wounded.
The adder closely misses you.
You barely miss the adder.
The adder is moderately wounded.
The adder bites you.
You hit the adder.
The adder is moderately wounded.
The adder bites you but does no damage.
You barely miss the adder.
The adder is moderately wounded.
The adder bites you.
You are poisoned.
The adder poisons you!
You hit the adder.
The adder is severely wounded.
You feel sick. The adder barely misses you. The adder bites you.
You are more poisoned.
The adder poisons you!
You hit the adder.
You kill the adder!
You feel sick.
You have reached level 4!
You feel stronger.
Your demonic ancestry asserts itself...
Rugged brown scales grow over part of your body.
You feel sick.
You feel sick.
You feel sick.
You feel sick.
You feel sick.
You feel sick.
You are no longer poisoned.
You see here an adder corpse.
Found a stone staircase leading down.
A frilled lizard comes into view.
Are you sure you want to abandon this character and quit the game? (Confirm with "yes".)

####### l......##
##..h## ##.....##
##.......## #
###.........######.# #.
..............>...# #.
.#.........#.###... #.
##.....†.##.##.###.###.
##.....##...#.#.#.....
###
##.................(.


You could see a frilled lizard (asleep).

Vanquished Creatures
  4 adders (D:2)
  A dart slug (D:1)
  2 bats
  3 endoplasms
  2 giant cockroaches
  5 goblins (D:2)
  3 hobgoblins
  6 quokkas
  2 ball pythons
  A frilled lizard (D:2)
  A kobold (D:1)
  5 rats
35 creatures vanquished.

Notes
Turn   | Place    | Note
-------+----------+-------------------------------------------
     0 | D:1      | solopath the Demonspawn Shapeshifter began the quest for
                  | the Orb.
     0 | D:1      | Reached XP level 1. HP: 15/15 MP: 1/1
   132 | D:1      | Gained mutation: Your demonic aura sometimes causes spilled
                  | blood to erupt in flames. [demonic ancestry]
   132 | D:1      | Reached XP level 2. HP: 20/21 MP: 2/2
   294 | D:1      | Found Ovveobli's Magic Scroll Boutique.
   753 | D:2      | Reached XP level 3. HP: 22/27 MP: 3/3
   921 | D:2      | Found a faded altar of an unknown god.
  1223 | D:2      | Gained mutation: You are partially covered in rugged brown
                  | scales. (AC +1, +3% HP) [demonic ancestry]
  1223 | D:2      | Reached XP level 4. HP: 12/33 MP: 4/4
  1341 | D:2      | Quit the game

Illustrated notes

Levels and vault maps discovered:
D:1:      spicycebolla_arrival_transporter_tutorial, layout_basic, serial_shops,
          nicolae_shop_just_a_little_nook
D:2:      layout_loops_ring, hellmonk_ecumenical_altar_zigzags

Skill      XL: |  1  2  3 |
---------------+----------+-----
Unarmed Combat | 3 |  3.7
Shapeshifting  | 3 |  3.1
Fighting       | 2 |  2.1
Dodging        | |  1.7

Action                     |  1- 3 |  4- 6 || total
---------------------------+-------+-------++-------
  Melee: Unarmed           |    97 |       ||    97
   Stab: Sleeping          |     3 |       ||     3
 Armour: Animal skin       |    46 |       ||    46
  Dodge: Dodged            |    52 |       ||    52
